 Dungeon Crawl Stone Soup version 0.18-a0-1782-gb76a692 (webtiles) character file.

51 namelastname112 the Conjurer (level 3, -1/26 HPs)
             Began as a Draconian Conjurer on Apr 17, 2016.
             Slain by a sky beast (6 damage)
             ... on level 3 of the Dungeon.
             The game lasted 00:04:43 (2178 turns).

namelastname112 the Conjurer (Draconian Conjurer)   Turns: 2178, Time: 00:04:43

Health: -1/26      AC:  5    Str: 10    XL:     3   Next: 57%
Magic:  3/7        EV: 12    Int: 16    God:
Gold:   149        SH:  0    Dex: 11    Spells: 2 memorised, 5 levels left

rFire  . . .     SeeInvis .     c - +0 dagger
rCold  . . .     Gourm    .     (armour unavailable)
rNeg   . . .     Faith    .     (no shield)
rPois  .         Spirit   .     (helmet restricted)
rElec  .         Dismiss  .     (no cloak)
rCorr  .         Reflect  .     (no gloves)
SustAt .         Harm     .     (no boots)
MR     .....                    (no amulet)
Stlth  ++........               (no ring)
                                (no ring)

@: not resistant to hostile enchantments, unstealthy
A: unfitting armour, cold-blooded, AC +5
a: no special abilities


You were on level 3 of the Dungeon.
You were near starving.

You visited 1 branch of the dungeon, and saw 3 of its levels.

You collected 149 gold pieces.

Inventory:

Hand Weapons
 c - a +0 dagger (weapon)
Armour
 p - a +0 cloak
Scrolls
 d - 7 scrolls of identify {unknown}
 h - 2 scrolls of teleportation {unknown}
 i - 2 scrolls of enchant armour {unknown}
 k - a scroll of recharging {unknown}
 o - a scroll of immolation {unknown}
Potions
 e - a potion of might {unknown}
 g - 2 potions of lignification {unknown}
 l - 2 potions of haste {unknown}
 m - a potion of brilliance {unknown}
 n - a potion of agility {unknown}
Books
 a - a book of Conjurations

   Spells                             Type                      Level
   a - Magic Dart                     Conjuration                  1
   b - Searing Ray                    Conjuration                  2
   c - Dazzling Spray                 Conjuration/Hexes            3
   d - Fulminant Prism                Conjuration/Hexes            4
   e - Iskenderun's Mystic Blast      Conjuration                  4
   f - Iskenderun's Battlesphere      Conjuration/Charms           5
Comestibles
 b - a bread ration
 f - a meat ration
 j - 2 beef jerkies


   Skills:
 - Level 1.7 Dodging
 - Level 1.7 Stealth
 + Level 3.0 Spellcasting
 + Level 4.6 Conjurations


You had 5 spell levels left.
You knew the following spells:

 Your Spells              Type           Power        Failure   Level  Hunger
x - Searing Ray           Conj           ###...       6%          2    ##.....
z - Magic Dart            Conj           ###.         3%          1    #......


Dungeon Overview and Level Annotations

Branches:
Dungeon (3/15)

Altars:


Innate Abilities, Weirdness & Mutations

Your plain brown scales are hard (AC +5).
Your body does not fit into most forms of armour.
You are cold-blooded and may be slowed by cold attacks.


Message History

Reactivating autopickup.
The sky beast flickers out of sight!
Deactivating autopickup; reactivate with Ctrl-A.
A sky beast appears from thin air!
Reactivating autopickup.
Casting: Searing Ray
Confirm with . or Enter, or press ? or * to list all spells.
Aiming: Searing Ray
Press: ? - help, Shift-Dir - straight line, f/p - sky beast
Aim: a sky beast (heavily wounded)
The searing ray hits the sky beast.
The sky beast is severely wounded.
You are near starving!
You now have 4/7 mp.
The searing ray hits the sky beast.
The sky beast is almost dead.
The sky beast hits you.
* * * LOW HITPOINT WARNING * * *
The sky beast shocks you.
You die...

############# #####
#...........######...#####
#.#########....ยง.Y.#......
#.# ########...####. #.#
####.## #.# #.....# # ##.##
#.##..## #.
#####...#############.##...#
#.
#.............@Y......###..#
## #.###...##.############
#..# #.# ######## #..####
#<# #...... #.# ##.#### #.#
#.# #.# #.# #.# #.# #.# #.#


You could see a sky beast.

Vanquished Creatures
  2 adders (D:2)
  A worm (D:2)
  A dart slug (D:2)
  A giant gecko (D:2)
  A giant cockroach (D:1)
  3 goblins
  2 hobgoblins (D:1)
  2 jackals (D:1)
  5 kobolds
  6 bats
  5 rats
29 creatures vanquished.

Notes
Turn   | Place    | Note
--------------------------------------------------------------
     0 | D:1      | namelastname112 the Draconian Conjurer began the quest for the Orb.
     0 | D:1      | Reached XP level 1. HP: 14/14 MP: 3/3
   151 | D:1      | Reached XP level 2. HP: 5/20 MP: 0/5
   208 | D:1      | Learned a level 2 spell: Searing Ray
  1146 | D:2      | Reached XP level 3. HP: 16/26 MP: 2/7
  2029 | D:3      | Noticed a sky beast
  2178 | D:3      | Slain by a sky beast

Vault maps used:
D:1:      lightli_arrival_statuegarden
D:3:      kennysheep_the_goblin_king, nicolae_overflow_hidden_temple, uniq_robin

Skill      XL: |  1  2  3 |
---------------+----------+-----
Spellcasting   | 3 |  3.0
Dodging        | |  1.7
Stealth        | |  1.7
Conjurations   | |  4.6

Action                   || total
-------------------------++-------
Melee: Dagger            ||    48
       Tailslap          ||     8
 Cast: Magic Dart        ||    44
       Searing Ray       ||     6
  Eat: Chunk             ||     3
Armor: Skin              ||    21
Dodge: Dodged            ||    47
